 Dungeon Crawl Stone Soup version 0.28-a0-1613-gdaab1c2f9b (webtiles) character file.

Game seed: 6141581625555945957

2286 cheechan the Cutter (level 9, -25/45 HPs)
             Began as a Vine Stalker Warper on Jan 21, 2022.
             Was a Follower of Okawaru.
             Annihilated by an orc knight (31 damage)
             ... in a bailey.
             The game lasted 00:32:08 (7140 turns).

cheechan the Cutter (Vine Stalker Warper)           Turns: 7140, Time: 00:32:10

Health: -25/45     AC:  5    Str: 14    XL:     9   Next: 39%
Magic:  0/24       EV: 13    Int: 17    God:    Okawaru [*.....]
Gold:   311        SH:  0    Dex: 14    Spells: 9/15 levels left

rFire   . . .      SeeInvis .   s - +3 dagger (venom)
rCold   . . .      Faith    .   (no shield)
rNeg    . . .      Spirit   +   r - +2 robe {Archmagi}
rPois   .          Reflect  .   (no helmet)
rElec   .          Harm     .   v - +0 cloak
rCorr   +          Rampage  .   (no gloves)
Will    +....      Archmagi +   (no boots)
Stlth   +++.......              w - amulet of regeneration
HPRegen 1.75/turn               c - ring of magical power
MPRegen 0.19/turn               u - ring of resist corrosion

@: marked
A: fangs 3, regeneration 1, magic shield, antimagic bite, no potion heal 2
a: Renounce Religion, Heroism


You were in a bailey.
You worshipped Okawaru.
Okawaru was aware of your devotion.
You visited 2 branches of the dungeon, and saw 8 of its levels.
You also visited: Bailey.

You collected 311 gold pieces.

Inventory:

Hand Weapons
 f - a +1 short sword of flaming
 m - a +2 antimagic war axe
 s - a +3 dagger of venom (weapon)
Missiles
 d - 5 boomerangs of dispersal
 e - 216 stones
 i - 3 atropa-tipped darts
 j - 7 poisoned darts
 q - 6 boomerangs (quivered)
Armour
 b - a +2 leather armour
 r - a +2 robe of the Archmagi (worn)
 v - a +0 cloak (worn)
Jewellery
 c - a ring of magical power (left hand)
 u - a ring of resist corrosion (right hand)
 w - an amulet of regeneration (around neck)
Wands
 a - a wand of polymorph (7)
 n - a wand of digging (3)
 y - a wand of flame (19)
Scrolls
 h - a scroll of amnesia
Potions
 g - a potion of haste
 k - 2 potions of attraction
 l - 3 potions of flight
 o - a potion of resistance {unknown}
 p - 3 potions of curing
 t - 2 potions of brilliance {unknown}
 x - a potion of degeneration {unknown}


   Skills:
 + Level 4.2 Fighting
 + Level 5.3 Short Blades
 + Level 5.2 Throwing
 + Level 2.5 Armour
 + Level 4.4 Dodging
 + Level 4.1 Stealth
 + Level 3.8 Spellcasting
 + Level 0.5 Conjurations
 + Level 4.0 Translocations
 + Level 0.2 Fire Magic


You had 9 spell levels left.
You knew the following spells:

 Your Spells              Type           Power      Damage    Failure   Level
a - Blink                 Tloc           50%        N/A       4%          2
b - Foxfire               Conj/Fire      24%        2x1d5     14%         1
c - Teleport Other        Tloc           25%        N/A       9%          3

Your spell library contained the following spells:

 Spells                   Type           Power      Damage    Failure   Level
 Gell's Gravitas          Tloc           25%        N/A       9%          3
 Lesser Beckoning         Tloc           25%        N/A       9%          3
 Portal Projectile        Hex/Tloc       30%        N/A       21%         3
 Conjure Flame            Conj/Fire      6%         6-21      38%         3
 Inner Flame              Hex/Fire       5%         N/A       41%         3
 Mephitic Cloud           Conj/Pois/Air  5%         N/A       41%         3
 Ignite Poison            Fire/Tmut/Pois 5%         N/A       43%         3
 Manifold Assault         Tloc           25%        N/A       63%         5
 Flame Wave               Conj/Fire      6%         2d5       80%         4
 Leda's Liquefaction      Hex/Erth       2%         N/A       85%         4
 Freezing Cloud           Conj/Ice/Air   2%         6-21      99%         5
 Call Canine Familiar     Summ           Unusable   N/A       N/A         3

Dungeon Overview and Level Annotations

Branches:
Dungeon (7/15)             Temple (1/1) D:6          Bailey (1/1)

Altars:
Ashenzari
Cheibriados
Dithmenos
Elyvilon
Gozag
Hepliaklqana
Kikubaaqudgha
Makhleb
Nemelex Xobeh
Okawaru
Qazlal
Sif Muna
Trog
Uskayaw
Vehumet
Wu Jian
Xom
Yredelemnul
Zin


Innate Abilities, Weirdness & Mutations

You have razor-sharp teeth.
Your natural rate of healing is unusually fast.
When hurt, damage is shared between your health and your magic reserves.
Your bite disrupts and absorbs the magic of your enemies.
Potions cannot restore your health.


Message History

You feel a surge of power!
You blink.
A kobold comes into view.
The kobold throws a boomerang.
The boomerang closely misses you.
You hit the kobold.
The kobold is moderately wounded.
The kobold closely misses you.
Casting: Blink (safe; 4% risk of failure)
Confirm with . or Enter, or press ? or * to list all spells.
You are still too unstable to blink.
The kobold throws a boomerang.
The boomerang hits you but does no damage.
The kobold closely misses you.
A kobold comes into view.
The kobold closely misses you.
You feel stable enough to blink again.
The orc knight no longer looks unusually strong.
The orc warrior no longer looks unusually strong.
You kill the orc warrior!
Okawaru accepts your kill.
The orc knight hits you with a +0 war axe!
* * * LOW HITPOINT WARNING * * *
The kobold misses you.
The kobold throws a boomerang.
The boomerang barely misses you. The kobold barely misses you.
Okay, then.
Okay, then.
The kobold hits you but does no damage.
Casting: Blink (safe; 4% risk of failure)
Confirm with . or Enter, or press ? or * to list all spells.
You don't have enough magic to cast this spell.
The kobold closely misses you.
The kobold throws a boomerang.
The boomerang hits you.
* * * LOW HITPOINT WARNING * * *
The kobold misses you.
You hit the kobold.
You kill the kobold!
Okawaru accepts your kill. The kobold hits you but does no damage.
The orc knight hits you with a +0 war axe!!
Ouch! That really hurt!
You die...

#.#############
..............#### #####
#...........## #..!.
##(#.........## #...}
#K@#....⌠.....# ...
#Ko###.......##
..####g####o.'.#.....###
......ooo.K..###......####
KK#..####o####.)#.....≈≈≈≈≈≈≈
≈≈## #.......####†≈≈≈≈≈≈≈≈≈≈#
≈≈≈≈∩#...[og.#∩≈≈≈≈≈≈≈....##
#≈≈≈≈#########≈≈≈≈.......##
#≈≈≈≈≈≈≈≈≈≈≈≈≈≈.......##


You could see 2 orc knights and 3 kobolds.

Vanquished Creatures
  A cyclops (D:6)
  Grinder (D:3)
  2 orc warriors (Bailey)
  2 black bears
  2 sky beasts
  An ogre (D:6)
  2 centaurs
  A wyvern zombie (D:5)
  2 scorpions (D:6)
  A wyvern skeleton (D:7)
  3 howler monkeys
  A centaur skeleton (D:5)
  7 hounds
  A jelly (D:5)
  2 iguanas (D:4)
  An orc wizard (D:5)
  13 adders
  2 white imps (D:6)
  An ufetubus (D:5)
  An adder skeleton (D:3)
  2 worms
  3 dart slugs
  11 orcs
  4 endoplasms
  3 giant cockroaches
  12 goblins
  6 hobgoblins
  6 jackals (D:2)
  15 kobolds
  5 quokkas
  5 ball pythons
  3 bats
  4 frilled lizards
  3 rats
129 creatures vanquished.

Vanquished Creatures (collateral kills)
  2 orcs (D:3)
2 creatures vanquished.

Vanquished Creatures (others)
  10 foxfires
  25 plants
35 creatures vanquished.

Grand Total: 166 creatures vanquished

Notes
Turn   | Place    | Note
-------+----------+-------------------------------------------
     0 | D:1      | cheechan the Vine Stalker Warper began the quest for the
                  | Orb.
     0 | D:1      | Reached XP level 1. HP: 11/11 MP: 4/4
   552 | D:1      | Reached XP level 2. HP: 8/15 MP: 6/6
   555 | D:1      | Learned a level 2 spell: Blink
   635 | D:1      | Found a faded altar of an unknown god.
  1009 | D:2      | Reached skill level 1 in Armour
  1009 | D:2      | Reached XP level 3. HP: 11/18 MP: 4/7
  1247 | D:2      | Learned a level 1 spell: Foxfire
  1509 | D:2      | Reached skill level 1 in Throwing
  1554 | D:2      | Gained mutation: Your natural rate of healing is unusually
                  | fast. [Vine Stalker growth]
  1554 | D:2      | Reached XP level 4. HP: 18/23 MP: 8/8
  1874 | D:3      | Reached XP level 5. HP: 24/26 MP: 5/9
  2221 | D:3      | Found an ornate altar of the Wu Jian Council.
  2332 | D:3      | Noticed Grinder
  2332 | D:3      | Paralysed by Grinder for 5 turns
  2407 | D:3      | Killed Grinder
  2408 | D:3      | Reached XP level 6. HP: 24/31 MP: 9/11
  2462 | D:4      | Found a snail-covered altar of Cheibriados.
  2801 | D:4      | Found an ancient bone altar of Kikubaaqudgha.
  2840 | D:4      | Found an opulent altar of Gozag.
  3090 | D:4      | Reached XP level 7. HP: 35/35 MP: 12/12
  3108 | D:4      | Found a white marble altar of Elyvilon.
  3544 | D:5      | Entered Level 5 of the Dungeon
  4005 | D:5      | Gained mutation: You have razor-sharp teeth. [Vine Stalker
                  | growth]
  4005 | D:5      | Reached XP level 8. HP: 35/40 MP: 13/13
  5037 | D:6      | Learned a level 3 spell: Teleport Other
  5288 | D:6      | Found a staircase to the Ecumenical Temple.
  5309 | Temple   | Entered the Ecumenical Temple
  5689 | Temple   | Became a worshipper of Warmaster Okawaru
  6196 | D:6      | Reached * piety under Okawaru
  6326 | D:6      | Noticed a cyclops
  6352 | D:6      | Killed a cyclops
  6353 | D:6      | Reached skill level 5 in Short Blades
  6353 | D:6      | Reached XP level 9. HP: 10/45 MP: 2/15
  6635 | D:7      | Reached skill level 5 in Throwing
  6988 | D:7      | Found a flagged portal.
  7009 | Bailey   | Entered a bailey
  7120 | Bailey   | Noticed an orc knight
  7124 | Bailey   | Noticed an orc knight
  7137 | Bailey   | HP: 2/45 [orc knight (14)]
  7140 | Bailey   | Annihilated by an orc knight

Illustrated notes

Levels and vault maps discovered:
D:1:      amcnicky_arrival_underground_garden, layout_loops_corners,
          shapermc_ecumenical_altar_pompeii
D:2:      layout_basic
D:3:      layout_rooms, nzn_wu_jian_contemplation, serial_bayou,
          serial_bayou_lake_a, serial_bayou_pond_b, serial_bayou_lagoon_a,
          serial_bayou_pond_c, uniq_grinder
D:4:      layout_loops_cross, nicolae_elyvilon_temple_path, cheibriados_altar_1,
          mainiacjoe_overflow_two_lobes, minmay_fountain_box
D:5:      layout_gridville, chequers_arboretum, saegor_snake_ambush
D:6:      layout_gridville, minmay_temple_entry_arrows
D:7:      layout_gridville, mainiacjoe_overflow_alcove_4, enter_bailey_3
Temple:   dpeg_chambers_temple
Bailey:   bailey_axe_4, bailey

Skill      XL: |  1  2  3  4  5  6  7  8  9 |
---------------+----------------------------+-----
Short Blades   | 2 3 4 5 |  5.3
Armour         | 1 2 |  2.5
Fighting       | 2 3 4 |  4.2
Dodging        | 2 3 4 |  4.4
Throwing       | 1 2 3 4 5 |  5.2
Stealth        | 2 3 4 |  4.1
Spellcasting   | 3 |  3.8
Translocations | 4 |  4.0
Conjurations   | |  0.5
Fire Magic     | |  0.2

Action                   |  1- 3 |  4- 6 |  7- 9 || total
-------------------------+-------+-------+-------++-------
Melee: Short sword       |    80 |   123 |   111 ||   314
       Bite              |    17 |    35 |    84 ||   136
       Punch             |       |     2 |     2 ||     4
       Dagger            |       |       |   178 ||   178
Throw: Boomerang         |    19 |    47 |    42 ||   108
       Dart              |       |     9 |    17 ||    26
 Cast: Foxfire           |     2 |     2 |     3 ||     7
       Blink             |       |     1 |     5 ||     6
       Teleport Other    |       |       |     4 ||     4
  Use: Scroll            |       |    12 |     3 ||    15
       Potion            |       |     1 |       ||     1
 Stab: Sleeping          |       |       |     3 ||     3
       Distracted        |       |       |     1 ||     1
Armor: Leather armour    |    22 |    25 |    43 ||    90
       Robe              |       |       |    29 ||    29
Dodge: Dodged            |    40 |    81 |   187 ||   308

Table legend: (Time is in decaauts)
 A = Elapsed time spent in this place.
 B = Non-inter-level travel time spent in this place.
 C = Inter-level travel time spent in this place.
 D = Time resting spent in this place.
 E = Time spent auto-exploring this place.
 F = Levels seen in this place.
 G = Mean time per level.
                   A        B        C        D        E       F      G
               +--------+--------+--------+--------+--------+-----+--------+
         Total |   7175 |   7175 |      0 |    353 |      0 |   9 |  797.2 |
       Dungeon |   6653 |   6653 |      0 |    353 |      0 |   7 |  950.4 |
        Temple |    396 |    396 |      0 |      0 |      0 |   1 |  396.0 |
        Bailey |    124 |    124 |      0 |      0 |      0 |   1 |  124.0 |
               +--------+--------+--------+--------+--------+-----+--------+

Top non-repeatable levels by time:
     D:6: 1436 daAuts
     D:5: 1211 daAuts
     D:4: 1085 daAuts
     D:1: 953 daAuts
     D:3: 806 daAuts
     D:2: 764 daAuts
  Temple: 396 daAuts
     D:7: 396 daAuts
  Bailey: 124 daAuts
